 Dungeon Crawl Stone Soup version 0.31.0-12-g77e489cdc1 (webtiles) character file.

Game seed: 13904393254719195907

7668 dfassdas the Covert (level 10, 0/37 HPs)
             Began as a Felid Air Elementalist on Feb 20, 2024.
             Was an Elder of Elyvilon.
             Slain by a ynoxinul (6 damage)
             ... on level 1 of the Abyss.
             The game lasted 01:12:52 (13667 turns).

dfassdas the Covert (Felid Air Elementalist)       Turns: 13667, Time: 01:12:53

Health: 0/37       AC:  6    Str:  0    XL:     10   Next: 99%
Magic:  9/15       EV: 22    Int: 15    God:    Elyvilon [****..]
Gold:   147        SH:  0    Dex: 17    Spells: 4/20 levels left
                                        Lives:  0   Deaths: 4

rFire   . .          .
                       - Unarmed
rCold   . . .        (shield unavailable)
rNeg    . . .        (body armour unavailable)
rPois   .            (helmet unavailable)
rElec   .            (cloak unavailable)
rCorr   .            (gloves unavailable)
SInv    +            (boots unavailable)
Will    +....        (no amulet)
Stlth   ++++         j - +4 ring of slaying
HPRegen 0.26/turn    v - +4 ring of protection
MPRegen 0.14/turn

%: no passive effects
@: unable to drink
A: very small, claws 1, fangs 3, see invisible, shaggy fur 2, stealthy paws, no
weapons or thrown items, no armour, multi-lived, [clumsy 2], [dopey 2], [frail
3], [low MP 2], [weak 2], [inability to drink after injury 2], [inability to
read after injury 2], [persistent drain]
a: Renounce Religion, Purification, Heal Other, Heal Self


You were on level 1 of the Abyss.
You worshipped Elyvilon.
Elyvilon was greatly pleased with you.
You visited 2 branches of the dungeon, and saw 9 of its levels.
You visited the Abyss 1 time.

You collected 489 gold pieces.
You spent 342 gold pieces at shops.

Inventory:

Jewellery
 j - a +4 ring of slaying (left paw)
 p - a ring of magical power
 v - a +4 ring of protection (right paw)
Talismans
 i - a blade talisman {hi}
Wands
 h - a wand of flame (25)
 l - a wand of light (20)
 o - a wand of roots (8)
 s - a wand of paralysis (4)
 C - a wand of mindburst (11)
Scrolls
 b - 6 scrolls of identify {unknown}
 c - 2 scrolls of immolation
 f - 6 scrolls of teleportation
 t - a scroll of fear {unknown}
 x - a scroll of brand weapon {unknown}
 y - a scroll of amnesia
 A - a scroll of torment {unknown}
Potions
 a - a potion of magic
 d - a potion of berserk rage {unknown}
 g - a potion of brilliance
 k - 2 potions of invisibility {unknown}
 u - a potion of attraction
 z - a potion of mutation {unknown}


   Skills:
 * Level 5.9 Fighting
 * Level 8.3 Dodging
 * Level 8.8 Stealth
 * Level 5.5 Unarmed Combat
 * Level 5.7 Spellcasting
 * Level 5.1 Conjurations
 + Level 3.2 Summonings
 * Level 5.7 Air Magic
 * Level 4.3 Invocations
 + Level 3.7 Evocations
 - Level 1.0 Shapeshifting


You had 4 spell levels left.
You knew the following spells:

 Your Spells              Type           Power      Damage    Failure   Level
a - Shock                 Conj/Air       80%        1d8       1%          1
b - Static Discharge      Conj/Air       40%        3-5/arc   2%          2
c - Swiftness             Air            21%        N/A       4%          3
d - Summon Small Mammal   Summ           56%        N/A       4%          1
e - Airstrike             Air            10%        2d(2-18)  14%         4
f - Apportation           Tloc           8%         N/A       16%         1
g - Blink                 Tloc           8%         N/A       22%         2
h - Momentum Strike       Conj/Tloc      24%        3d8       8%          2

Your spell library contained the following spells:

 Spells                   Type           Power      Damage    Failure   Level
 Sting                    Conj/Alch      48%        1d6       5%          1
 Necrotise                Necr           16%        1d4       16%         1
 Lesser Beckoning         Tloc           8%         N/A       22%         2
 Sublimation of Blood     Necr           4%         N/A       22%         2
 Summon Ice Beast         Ice/Summ       9%         N/A       24%         3
 Petrify                  Alch/Erth      4%         N/A       83%         4
 Irradiate                Conj/Alch      6%         3d13      82%         5
 Summon Mana Viper        Hex/Summ       9%         N/A       91%         5
 Monstrous Menagerie      Summ           7%         N/A       100%        7


Dungeon Overview and Level Annotations

Branches:
Dungeon (8/15)             Temple (1/1) D:5
   Lair: D:8-11

Altars:
Ashenzari
Elyvilon
Fedhas
Gozag
Makhleb
Nemelex Xobeh
Okawaru
Qazlal
Ru
Sif Muna
Uskayaw
Wu Jian
Xom
Zin
The Shining One

Shops:
D:2 [   D:6 (*[[*


Innate Abilities, Weirdness & Mutations

You have sharp claws.
You have razor-sharp teeth.
You have supernaturally acute eyesight. (SInv)
You are covered in thick fur. (AC +2)
Your paws help you pounce on unaware monsters.
You are incapable of wielding weapons or throwing items.
You cannot wear armour.
You gain extra lives every three experience levels.
[You are very clumsy. (Dex -4)]
[You are very dopey. (Int -4)]
[You are extremely frail. (-30% HP)]
[Your magical capacity is very low. (-20% MP)]
[You are very weak. (Str -4)]
[You sometimes lose the ability to drink potions when taking damage.]
[You sometimes lose the ability to read scrolls when taking damage.]
[Your health recovers twice as slowly from being drained.]


Message History

The floor.
A ynoxinul is nearby!
You barely miss the ynoxinul. You closely miss the ynoxinul.
The ynoxinul misses you.
Okay, then.
Casting: Swiftness (dangerous; 4% risk of failure)
Confirm with . or Enter, or press ? or * to list all spells.
The ynoxinul is struck by an arc of lightning.
The ynoxinul resists.
The ynoxinul is lightly wounded.
You are struck by an arc of lightning.
The ynoxinul is struck by an arc of lightning.
The ynoxinul resists.
The ynoxinul is lightly wounded.
You are struck by an arc of lightning.
The lightning grounds out.
The ynoxinul closely misses you.
Casting: Static Discharge (safe; 2% risk of failure)
Confirm with . or Enter, or press ? or * to list all spells.
The ynoxinul is struck by an arc of lightning.
The ynoxinul resists.
The ynoxinul is lightly wounded.
You are struck by an arc of lightning.
You feel threatened and lose the ability to drink potions!
The ynoxinul is struck by an arc of lightning.
The ynoxinul resists.
The ynoxinul is lightly wounded.
The lightning grounds out.
The ynoxinul gestures at you. The iron shot hits you!!
Ouch! That really hurt!
* * * LOW HITPOINT WARNING * * *
Casting: Static Discharge (safe; 2% risk of failure)
Confirm with . or Enter, or press ? or * to list all spells.
The ynoxinul is struck by an arc of lightning.
The ynoxinul resists.
The ynoxinul is lightly wounded.
You are struck by an arc of lightning.
* * * LOW HITPOINT WARNING * * *
The lightning grounds out.
The ynoxinul hits you.
You die...

#.# #
......... # #
###'### ##.
#.# .# .... .
. .# . # .. ..
. ##.####.#
.##.###. #....
#.X.....###.#.
.# . . ..#.
##.#...#.# #.
# #..3#..# # #
... #.@...# #
.. ##.....#
.#....# . ..
......# . #.#
..#.#.. ..
###..## .#.
#.. .#. .#


You could see a ynoxinul.

Vanquished Creatures
  2 two-headed ogres (D:8)
  Pikel (D:7)
  The ghost of 7tar4e the Fighter, a novice OpFi of the Shining One (D:6)
  An orange demon (Abyss:1)
  Maggie (D:7)
  Psyche (D:8)
  A troll (D:8)
  Sigmund (D:2)
  Eustachio (D:4)
  A steam dragon (D:8)
  A vampire mosquito (D:8)
  A hell hound (Abyss:1)
  A water moccasin (D:8)
  A sky beast (D:8)
  4 black bears
  An ogre (D:4)
  2 centaurs
  A lemure (D:7)
  A phantom (D:5)
  A kobold brigand (D:8)
  5 bullfrogs
  A brain worm (Abyss:1)
  2 gnoll sergeants (D:8)
  3 scorpions
  7 wights
  5 howler monkeys
  A bombardier beetle (D:6)
  2 jellies
  9 hounds
  2 orc priests
  3 sleepcaps
  3 gnoll boudas
  Terence (D:2)
  6 orc wizards
  2 iguanas
  20 gnolls
  11 adders
  3 shadow imps
  A white imp (D:7)
  2 ufetubi (D:3)
  2 dart slugs (D:3)
  2 ribbon worms (D:4)
  18 orcs
  10 endoplasms
  2 giant cockroaches
  7 hobgoblins
  3 jackals (D:2)
  4 quokkas
  12 ball pythons
  2 bats (D:2)
  A frilled lizard (D:2)
  7 goblins
  13 kobolds
  8 rats
205 creatures vanquished.

Vanquished Creatures (collateral kills)
  A sun demon (Abyss:1)
1 creature vanquished.

Vanquished Creatures (others)
  6 golden eyes (Abyss:1)
  2 starspawn tentacles (Abyss:1)
8 creatures vanquished.

Grand Total: 214 creatures vanquished

Notes
Turn   | Place    | Note
-------+----------+-------------------------------------------
     0 | D:1      | dfassdas the Felid Air Elementalist began the quest for the
                  | Orb.
     0 | D:1      | Reached XP level 1. HP: 9/9 MP: 4/4
   172 | D:1      | Reached XP level 2. HP: 14/14 MP: 1/6
   249 | D:1      | Reached skill level 1 in Conjurations
   277 | D:1      | You fall into a shaft and drop 1 floor!
   580 | D:2      | Reached skill level 1 in Fighting
   854 | D:2      | Noticed Sigmund
   881 | D:1      | Reached XP level 3. HP: 10/18 MP: 1/7
  1229 | D:1      | Found a faded altar of an unknown god.
  1854 | D:2      | Found Qiew's Antique Armour Shop.
  1973 | D:2      | Slain by Sigmund
  1973 | D:2      | Lost a life (0 lives remaining)
  1985 | D:2      | Killed Sigmund
  1986 | D:2      | Reached skill level 1 in Unarmed Combat
  1986 | D:2      | Reached XP level 4. HP: 14/23 MP: 1/9
  1986 | D:2      | Gained a life (1 life remaining)
  1986 | D:2      | Reached XP level 5. HP: 16/26 MP: 1/10
  2111 | D:2      | Noticed Terence
  2439 | D:2      | Killed Terence
  2443 | D:2      | Learned a level 2 spell: Static Discharge
  2447 | D:2      | Learned a level 3 spell: Swiftness
  2449 | D:2      | Learned a level 1 spell: Summon Small Mammal
  2826 | D:3      | Gained mutation: You are covered in thick fur. (AC +2)
                  | [Felid growth]
  2826 | D:3      | Reached XP level 6. HP: 17/32 MP: 1/11
  4390 | D:4      | Identified the +1 robe of Purpose {Rampage Archmagi}
  4397 | D:4      | Found a burning altar of Makhleb.
  4491 | D:4      | Found a glowing silver altar of Zin.
  4491 | D:4      | Found a blossoming altar of Fedhas.
  5021 | D:4      | Reached skill level 1 in Evocations
  5230 | D:4      | Noticed Eustachio
  5244 | D:4      | Killed Eustachio
  5245 | D:4      | Reached XP level 7. HP: 25/36 MP: 4/12
  5245 | D:4      | Gained a life (2 lives remaining)
  5662 | D:5      | Entered Level 5 of the Dungeon
  5668 | D:5      | Learned a level 4 spell: Airstrike
  5679 | D:5      | Reached skill level 5 in Stealth
  5822 | D:5      | Found a staircase to the Ecumenical Temple.
  5843 | Temple   | Entered the Ecumenical Temple
  5945 | Temple   | Became a worshipper of Elyvilon the Healer
  6172 | D:5      | Reached skill level 5 in Dodging
  6172 | D:5      | Reached skill level 1 in Summonings
  7065 | D:6      | Found a hide-covered altar of Uskayaw.
  7081 | D:6      | Reached skill level 1 in Shapeshifting
  7081 | D:6      | Reached XP level 8. HP: 25/40 MP: 7/14
  7381 | D:6      | Reached * piety under Elyvilon
  7394 | D:6      | Found Padastoi's Armour Emporium.
  7402 | D:6      | Found a runed translucent door.
  7406 | D:6      | Noticed 7tar4e's ghost (novice OpFi)
  7506 | D:6      | Elyvilon protects you from harm!
  7508 | D:6      | Elyvilon protects you from harm!
  7720 | D:6      | Killed 7tar4e's ghost
  7721 | D:6      | Reached skill level 1 in Invocations
  7815 | D:6      | Found Zitiy's Antique Armour Shop.
  7844 | D:6      | Learned a level 1 spell: Apportation
  8066 | D:6      | Found Dounu's Assorted Antiques.
  8074 | D:6      | Bought a glowing ruby potion for 22 gold pieces
  8074 | D:6      | Bought a scroll labelled NUCZYRCHUANK for 25 gold pieces
  8074 | D:6      | Bought an amethyst potion for 22 gold pieces
  8074 | D:6      | Bought a large garnet ring for 125 gold pieces
  8074 | D:6      | Bought a scroll labelled TESOEC QAQODA for 25 gold pieces
  8490 | D:6      | Found Nima's Antique Weapon Shoppe.
  8505 | D:6      | Found Qaawkac's Assorted Antiques.
  8512 | D:6      | Bought a scroll labelled PAGREA ANEEMO for 21 gold pieces
  8512 | D:6      | Bought a scroll labelled TESOEC QAQODA for 21 gold pieces
  8512 | D:6      | Bought a glowing ruby potion for 18 gold pieces
  8512 | D:6      | Bought a scroll of teleportation for 63 gold pieces
  8691 | D:6      | Reached XP level 9. HP: 45/45 MP: 11/16
  9369 | D:7      | Noticed Maggie
  9382 | D:7      | Killed Maggie
  9507 | D:7      | Identified the +1 war axe of Biran {flame, rN+ Str-2 Int+3}
  9561 | D:7      | Reached ** piety under Elyvilon
 10439 | D:7      | Noticed Pikel
 10474 | D:7      | Slain by a gnoll sergeant
 10474 | D:7      | Lost a life (1 life remaining)
 10531 | D:7      | Killed Pikel
 10532 | D:7      | Reached skill level 5 in Fighting
 10532 | D:7      | Reached skill level 5 in Air Magic
 11143 | D:8      | Learned a level 2 spell: Blink
 11163 | D:8      | Learned a level 2 spell: Momentum Strike
 11321 | D:8      | Noticed a two-headed ogre
 11330 | D:8      | Killed a two-headed ogre
 11331 | D:8      | Reached skill level 5 in Spellcasting
 11331 | D:8      | Reached XP level 10. HP: 22/51 MP: 15/18
 11331 | D:8      | Gained a life (2 lives remaining)
 11469 | D:8      | Noticed Psyche
 11488 | D:8      | Killed Psyche
 11594 | D:8      | Reached *** piety under Elyvilon
 11880 | D:8      | Reached skill level 5 in Unarmed Combat
 12182 | D:8      | Noticed a two-headed ogre
 12225 | D:8      | Killed a two-headed ogre
 12441 | D:8      | Reached skill level 5 in Conjurations
 12705 | Abyss:1  | Cast into level 1 of the Abyss (gnoll sergeant)
 12783 | Abyss:1  | Noticed a wretched star
 12789 | Abyss:1  | Killed from afar by a wretched star
 12789 | Abyss:1  | Lost a life (1 life remaining)
 12883 | Abyss:1  | Noticed a green death
 12960 | Abyss:1  | Noticed an orange demon
 12972 | Abyss:1  | Killed an orange demon
 12993 | Abyss:1  | Noticed a guardian serpent
 12993 | Abyss:1  | Noticed a naga mage
 12994 | Abyss:1  | Noticed a naga warrior
 13015 | Abyss:1  | HP: 2/53 [guardian serpent (18)]
 13017 | Abyss:1  | Elyvilon protects you from harm!
 13084 | Abyss:1  | Noticed a sun demon
 13093 | Abyss:1  | Killed a sun demon
 13339 | Abyss:1  | Noticed a wretched star
 13349 | Abyss:1  | Lost strength.
 13421 | Abyss:1  | Noticed a starcursed mass
 13435 | Abyss:1  | Noticed a starcursed mass
 13456 | Abyss:1  | Noticed a large abomination
 13493 | Abyss:1  | Noticed a worldbinder
 13496 | Abyss:1  | Noticed a white very ugly thing
 13496 | Abyss:1  | Noticed a purple very ugly thing
 13500 | Abyss:1  | Noticed a cyan very ugly thing
 13501 | Abyss:1  | Noticed an ironbound thunderhulk
 13501 | Abyss:1  | Noticed an ironbound thunderhulk
 13502 | Abyss:1  | Mangled by a purple very ugly thing
 13502 | Abyss:1  | Lost a life (0 lives remaining)
 13532 | Abyss:1  | Reached **** piety under Elyvilon
 13571 | Abyss:1  | Noticed a large abomination
 13632 | Abyss:1  | Noticed a starcursed mass
 13658 | Abyss:1  | Noticed a tentacled starspawn
 13667 | Abyss:1  | Slain by a ynoxinul

Illustrated notes

Levels and vault maps discovered:
D:1:      dpeg_arrival_round_c, layout_basic, shapermc_ecumenical_altar_petra
D:2:      layout_basic, serial_shops, nicolae_shop_stone, uniq_terence,
          uniq_sigmund
D:3:      layout_basic, minmay_misc_feat_roman, chequers_serial_rivers_large_b,
          minmay_goblin_kobold_house
D:4:      layout_basic, grunt_temple_overflow_open, uniq_eustachio
D:5:      layout_loops_cross, minmay_temple_entry_junction_2
D:6:      layout_loops_corners, mainiacjoe_overflow_cross_hatched,
          ebering_ghost_reflecting_pool, serial_shops, shop, shop,
          nicolae_inconvenience_store, shop, shop, hangedman_decor_peaks_small,
          grunt_ministairs_3, bh_walls_and_bars
D:7:      layout_loops_corners, nicolae_eternal_life, uniq_pikel, uniq_maggie
D:8:      minmay_the_grid_octo_tiled_squarecenter
          [minmay_the_grid_octo_odd_swirl, minmay_the_grid_octo_chip,
          minmay_the_grid_octo_fan_narrow, minmay_the_grid_octo_checkerflower,
          minmay_the_grid_square_5x5_megaprize_checkered,
          minmay_the_grid_square_5x5_slash, minmay_the_grid_square_5x5_six,
          minmay_the_grid_square_5x5_corner, minmay_the_grid_square_5x5_eight],
          layout_basic, gammafunk_temple_overflow_wave, nicolae_grassy_gnolls,
          uniq_psyche
Temple:   minmay_temple_curvy_loop
Abyss:1:  base: D:8, gammafunk_corrupted_shrine, evilmike_abyss_exit_2

Skill      XL: |  1  2  3  4  5  6  7  8  9 10 |
---------------+-------------------------------+-----
Conjurations   | 1 2 3 4 5 |  5.1
Stealth        | 3 4 5 6 7 8 |  8.8
Fighting       | 1 2 3 4 5 |  5.9
Dodging        | 3 4 5 6 7 8 |  8.3
Unarmed Combat | 1 2 3 4 5 |  5.5
Air Magic      | 3 4 5 |  5.7
Spellcasting   | 3 4 5 |  5.7
Evocations     | 1 2 3 |  3.7
Summonings     | 1 2 3 |  3.2
Shapeshifting  | 1 |  1.0
Invocations    | 1 3 4 |  4.3

Action                     |  1- 3 |  4- 6 |  7- 9 | 10-12 || total
---------------------------+-------+-------+-------+-------++-------
  Melee: Unarmed           |    25 |    27 |   113 |    78 ||   243
         Bite              |     2 |     1 |    10 |     9 ||    22
         Punch             |       |     1 |     4 |     3 ||     8
   Cast: Shock             |    90 |   149 |   246 |    88 ||   573
         Static Discharge  |       |     9 |    44 |    16 ||    69
         Summon Small Mamm |       |     1 |     8 |       ||     9
         Swiftness         |       |       |     2 |     4 ||     6
         Airstrike         |       |       |     2 |     1 ||     3
         Blink             |       |       |     3 |     4 ||     7
         Momentum Strike   |       |       |     1 |       ||     1
 Invoke: Heal Self         |       |       |       |     4 ||     4
  Evoke: Wand              |     3 |     2 |     8 |     4 ||    17
    Use: Scroll            |     1 |     2 |     1 |     7 ||    11
         Potion            |       |       |       |     9 ||     9
   Stab: Sleeping          |     1 |       |       |       ||     1
         Paralysed         |       |       |     4 |       ||     4
 Armour: Skin              |    13 |    38 |   121 |   102 ||   274
  Dodge: Dodged            |    44 |    67 |   224 |   191 ||   526
